 Dungeon Crawl Stone Soup version 0.26.1-15-g04117e645d (webtiles) character file.

Game seed: 6852307247947110236

539 Froggeryz the Cutter (level 7, -4/46 HPs)
             Began as an Octopode Berserker on May 4, 2022.
             Was a Priest of Trog.
             Slain by an iguana (14 damage)
             ... on level 4 of the Dungeon.
             The game lasted 00:03:10 (3090 turns).

Froggeryz the Cutter (Octopode Berserker)           Turns: 3090, Time: 00:03:11

Health: -4/46      AC:  1    Str: 16    XL:     7   Next: 26%
Magic:  7/7        EV: 14    Int: 10    God:    Trog [***...]
Gold:   257        SH:  0    Dex: 13    Spells: 6/6 levels left

rFire    . . .     SeeInvis .   a - +1 short sword
rCold    . . .     Faith    .   (no shield)
rNeg     . . .     Spirit   .   (helmet restricted)
rPois    .         Reflect  .   (no amulet)
rElec    .         Harm     .   k - ring of willpower
rCorr    .         Rampage  .   j - ring of willpower
Will     ++...                  (no ring)
Stlth    ++++......             (no ring)
HPRegen  0.15/turn              (no ring)
MPRegen  0.10/turn              (no ring)
                                (no ring)
                                (no ring)

@: no status effects
A: almost no armour, stealthy swim, amphibious, 8 rings, constrict 8, camouflage
1, gelatinous body 1
a: Renounce Religion, Berserk, Trog's Hand


You were on level 4 of the Dungeon.
You worshipped Trog.
Trog was most pleased with you.
You visited 1 branch of the dungeon, and saw 4 of its levels.

You collected 257 gold pieces.

Inventory:

Hand Weapons
 a - a +1 short sword (weapon)
Missiles
 q - 7 javelins
 r - 3 poisoned darts
Jewellery
 j - a ring of willpower (right tentacle)
 k - a ring of willpower (left tentacle)
Scrolls
 b - 2 scrolls of enchant weapon
 c - 3 scrolls of identify
 i - a scroll of teleportation
 m - 6 scrolls of remove curse
 s - a scroll of fog {unknown}
 t - a scroll of magic mapping {unknown}
Potions
 d - a potion of invisibility {unknown}
 e - a potion of mutation {unknown}
 f - 2 potions of ambrosia {unknown}
 g - a potion of might {unknown}
 l - 2 potions of heal wounds
 n - 2 potions of attraction {unknown}
 o - a potion of haste {unknown}
 p - 2 potions of curing {unknown}


   Skills:
 - Level 3.0 Fighting
 * Level 6.8 Short Blades
 - Level 3.0 Dodging
 + Level 5.9 Stealth


You had 6 spell levels left.
You didn't know any spells.
Your spell library was empty.

Dungeon Overview and Level Annotations

Branches:
Dungeon (4/15)             Temple (0/1) D:4

Altars:
Elyvilon
Wu Jian
Zin
The Shining One


Innate Abilities, Weirdness & Mutations

You cannot wear most types of armour.
You are very stealthy in the water. (Stealth+)
You are amphibious.
You can wear up to eight rings at the same time.
You can use your tentacles to constrict eight enemies at once.
Your skin changes colour to match your surroundings (Stealth+).
Your rubbery body absorbs attacks. (AC +1, EV +1)


Message History

You kill the orc!
Trog accepts your kill.
Things that are here:
a +0 dagger; 4 boomerangs; an orc corpse You hit the iguana but do no damage.
Your grab misses the iguana. The iguana bites you!
You hit the iguana. You grab the iguana.
The iguana is lightly wounded.
You constrict the iguana, but do no damage.
You completely miss the iguana.
You squeeze the iguana, but do no damage.
The iguana is lightly wounded.
You constrict the iguana. The iguana bites you!
* * * LOW HITPOINT WARNING * * *
You hit the iguana but do no damage.
You squeeze the iguana, but do no damage.
The iguana is lightly wounded.
Your skin stops crawling.
You feel less strong-willed.
You constrict the iguana. The iguana bites you!
You die...

......(.)..#...............
###........##..............
..#.....##.................
........# ##.##.>.....
.....#..###...#..)..
#........#...?...##
##.......#....?...## .
#..###........#o..#....
.....##........#@...#
.............###l...#
#.....!.......##.....#
........##.##.........
...........# .......##
.........###.........##
........# .#........#
....... ......... .......


You could see an iguana and an orc wizard (fast).

Vanquished Creatures
  A centaur (D:3)
  4 wights (D:3)
  A howler monkey (D:2)
  2 hounds (D:4)
  Terence (D:2)
  A worker ant (D:4)
  6 adders
  2 oozes
  3 worms
  A dart slug (D:1)
  5 leopard geckos
  3 orcs (D:4)
  9 bats
  A giant cockroach (D:1)
  6 goblins
  9 hobgoblins
  6 jackals
  7 kobolds
  A ball python (D:3)
  7 frilled lizards
  7 rats
83 creatures vanquished.

Notes
Turn   | Place    | Note
-------+----------+-------------------------------------------
     0 | D:1      | Froggeryz the Octopode Berserker began the quest for the
                  | Orb.
     0 | D:1      | Reached XP level 1. HP: 16/16 MP: 1/1
    72 | D:1      | Reached skill level 1 in Stealth
    75 | D:1      | Reached XP level 2. HP: 20/21 MP: 2/2
   476 | D:1      | Reached XP level 3. HP: 26/26 MP: 3/3
   759 | D:2      | Noticed Terence
   766 | D:2      | Killed Terence
   767 | D:2      | Reached skill level 4 in Short Blades
   798 | D:2      | Reached XP level 4. HP: 27/31 MP: 4/4
   798 | D:2      | Reached ** piety under Trog
  1161 | D:2      | Found a white marble altar of Elyvilon.
  1171 | D:2      | Reached XP level 5. HP: 34/36 MP: 5/5
  1240 | D:2      | Found a glowing silver altar of Zin.
  1240 | D:2      | Found a glowing golden altar of the Shining One.
  1240 | D:2      | Found a white marble altar of Elyvilon.
  1476 | D:2      | Reached skill level 5 in Short Blades
  1975 | D:3      | Found an ornate altar of the Wu Jian Council.
  2505 | D:3      | Reached *** piety under Trog
  2506 | D:3      | Reached XP level 6. HP: 42/42 MP: 6/6
  2516 | D:3      | Reached skill level 6 in Short Blades
  2527 | D:3      | Reached skill level 5 in Stealth
  2672 | D:3      | Reached XP level 7. HP: 33/46 MP: 7/7
  2929 | D:4      | Found a staircase to the Ecumenical Temple.
  3090 | D:4      | Slain by an iguana

Illustrated notes

Levels and vault maps discovered:
D:1:      scummos_arrival_gate, layout_basic, minmay_split_cup_large
D:2:      minmay_alternating_diamond, layout_loops_ring, good_gods_mini_temple,
          st_stairs_5, elyvilon_altar_5, uniq_terence
D:3:      layout_loops_ring, general_overflow_altar, small_statue_alley_b,
          columned_hall_lemuel
D:4:      layout_cave_pools, gammafunk_temple_overflow_pools,
          minmay_temple_entry_statues, chequers_ossuary_entry_cave,
          nrook_loot_triangle, uniq_eustachio

Skill      XL: |  1  2  3  4  5  6 |
---------------+-------------------+-----
Stealth        | 1 2 3 4 5 |  5.9
Short Blades   | 4 5 6 |  6.8
Fighting       | |  3.0
Dodging        | |  3.0

Action                   |  1- 3 |  4- 6 |  7- 9 || total
-------------------------+-------+-------+-------++-------
Melee: Short sword       |    40 |   110 |    28 ||   178
       Constrict         |     8 |    22 |     8 ||    38
       Tentacles         |    10 |    23 |     8 ||    41
Invok: Trog's Hand       |       |     1 |     1 ||     2
       Berserk           |       |     1 |       ||     1
  Use: Potion            |       |     1 |       ||     1
       Scroll            |       |       |     4 ||     4
 Stab: Sleeping          |    10 |     9 |     4 ||    23
       Distracted        |     1 |     1 |       ||     2
Armor: Skin              |     3 |    10 |     2 ||    15
Dodge: Dodged            |    24 |    64 |    10 ||    98
